 Dungeon Crawl Stone Soup version 0.30.0-29-ga12c61a403 (webtiles) character file.

Game seed: 18332846648535658849

3607 jagang the Destroyer (level 9, -2/45 HPs)
             Began as a Deep Elf Conjurer on June 7, 2023.
             Was a Believer of Sif Muna.
             Slain by a boulder beetle (15 damage)
             ... on level 8 of the Dungeon.
             The game lasted 00:40:01 (9062 turns).

jagang the Destroyer (Deep Elf Conjurer)            Turns: 9062, Time: 00:40:02

Health: -2/45      AC:  5    Str:  4    XL:     9   Next: 86%
Magic:  15/23      EV: 14    Int: 34    God:    Sif Muna [**....]
Gold:   494        SH:  9    Dex: 13    Spells: 12/25 levels left

rFire   + . .        L - +2 rapier (venom)
rCold   . . .        a - +0 buckler
rNeg    . . .        p - +2 robe {rF+}
rPois   .            (no helmet)
rElec   .            s - +0 cloak
rCorr   .            (no gloves)
SInv    .            (no boots)
Will    .....        J - amulet of reflection
Stlth   ++           y - +6 ring of intelligence
HPRegen 0.27/turn    m - ring of wizardry
MPRegen 0.18/turn

%: reflection, wizardry (x1)
@: no status effects
A: no striking features
a: Renounce Religion, Channel Magic


You were on level 8 of the Dungeon.
You worshipped Sif Muna.
Sif Muna was pleased with you.
You visited 2 branches of the dungeon, and saw 9 of its levels.

You collected 574 gold pieces.
You spent 80 gold pieces at shops.

Inventory:

Hand Weapons
 f - a +0 dagger
 o - a +0 rapier
 G - a +3 short sword
 L - a +2 rapier of venom (weapon)
 Q - the +9 mace of Classification {heavy, rF+ Str+3 Dex-3}
   (You found it on level 8 of the Dungeon)

   Str:       It affects your strength (+3).
   Dex:       It affects your dexterity (-3).
   rF:        It protects you from fire.
Missiles
 H - a throwing net
Armour
 a - a +0 buckler (worn)
 p - a +2 robe of fire resistance (worn)
 r - a +0 kite shield
 s - a +0 cloak (worn)
Jewellery
 g - an amulet of guardian spirit
 l - a ring of resist corrosion
 m - a ring of wizardry (right hand)
 y - a +6 ring of intelligence (left hand)
 J - an amulet of reflection (around neck)
Wands
 v - a wand of polymorph (8)
 D - a wand of flame (19)
 E - a wand of roots (7)
 N - a wand of light (11)
Scrolls
 c - 5 scrolls of teleportation
 e - a scroll of amnesia
 j - a scroll of silence
 k - 2 scrolls of enchant armour
 n - a scroll of vulnerability
 q - a scroll of blinking {unknown}
 t - a scroll of poison {unknown}
 w - 2 scrolls of torment
 x - a scroll of immolation {unknown}
 z - a scroll of fear {unknown}
 C - 2 scrolls of noise {unknown}
 F - a scroll of magic mapping {unknown}
 O - a scroll of enchant weapon {unknown}
Potions
 b - 2 potions of magic
 d - 3 potions of curing
 h - a potion of ambrosia
 i - a potion of invisibility {unknown}
 u - 2 potions of heal wounds
 A - a potion of flight {unknown}
 B - 2 potions of haste {unknown}
 I - a potion of might {unknown}
 K - a potion of attraction {unknown}
 M - a potion of lignification {unknown}
 P - a potion of brilliance {unknown}


   Skills:
 + Level 6.4 Short Blades
 + Level 7.5 Dodging
 - Level 2.4 Stealth
 + Level 1.7 Shields
 + Level 8.5 Spellcasting
 * Level 9.9 Conjurations
 - Level 2.4 Hexes
 - Level 1.0 Ice Magic
 - Level 2.4 Evocations


You had 12 spell levels left.
You knew the following spells:

 Your Spells              Type           Power      Damage    Failure   Level
a - Magic Dart            Conj           100%       1d8       1%          1
b - Searing Ray           Conj           100%       2d8       1%          2
c - Iskenderun's Mystic   Conj/Tloc      48%        2d11      3%          4
d - Dazzling Flash        Conj/Hex       100%       N/A       1%          3
e - Hailstorm             Conj/Ice       51%        3d11      1%          3

Your spell library contained the following spells:

 Spells                   Type           Power      Damage    Failure   Level
 Freeze                   Ice            84%        1d9       1%          1
 Ensorcelled Hibernation  Hex/Ice        52%        N/A       1%          2
 Mephitic Cloud           Conj/Pois/Air  37%        N/A       1%          3
 Fulminant Prism          Conj/Hex       27%        3d14      1%          4
 Call Imp                 Summ           28%        N/A       3%          2
 Passwall                 Tmut/Erth      11%        N/A       3%          2
 Sublimation of Blood     Necr           14%        N/A       3%          2
 Frozen Ramparts          Ice            42%        1d7       4%          3
 Swiftness                Air            14%        N/A       8%          3
 Irradiate                Conj/Tmut      24%        3d19      9%          5
 Petrify                  Tmut/Erth      14%        N/A       24%         4
 Silence                  Hex/Air        11%        N/A       36%         5
 Agony                    Necr           14%        N/A       52%         5


Dungeon Overview and Level Annotations

Branches:
Dungeon (8/15)             Temple (1/1) D:5
   Lair: D:8-11

Altars:
Ashenzari
Cheibriados
Elyvilon
Fedhas
Gozag
Hepliaklqana
Kikubaaqudgha
Makhleb
Nemelex Xobeh
Okawaru
Qazlal
Ru
Sif Muna
Trog
Uskayaw
Vehumet
Wu Jian
Xom
Yredelemnul
Zin
The Shining One

Shops:
D:1 ([!*(   D:3 =   D:4 =**!!   D:5 *

Annotations:
D:4 Duvessa


Message History

The magic dart hits the kobold.
You kill the kobold!
Sif Muna accepts your kill.
The kobold shouts!
The kobold brigand shoots a sling bullet.
The sling bullet hits you. The sling bullet freezes you.
You hear a shout!
The kobold brigand shoots a sling bullet.
The sling bullet hits you. The sling bullet freezes you.
Casting: Magic Dart (safe; 1% risk of failure)
Confirm with . or Enter, or press ? or * to list all spells.
Casting: Hailstorm (safe; 1% risk of failure)
Press: ? - help, Dir - look around, f - activate A cannonade of hail descends around you!
The hail pelts the boulder beetle!
The boulder beetle is lightly wounded.
The boulder beetle closely misses you.
The boulder beetle stops rolling and uncurls.
An orc warrior comes into view. It is wielding a +0 hand axe.
The boulder beetle attacks as you move away!
The boulder beetle bites you!
* * * LOW HITPOINT WARNING * * *
The boulder beetle attacks as you move away!
You block the boulder beetle's attack.
Casting: Hailstorm (safe; 1% risk of failure)
Confirm with . or Enter, or press ? or * to list all spells.
Aiming: Searing Ray (safe; 1% risk of failure)
Press: ? - help, Shift-Dir - straight line, f - boulder beetle
Aim: a boulder beetle (lightly wounded, 100% to hit)
The searing ray hits the boulder beetle!
The boulder beetle is moderately wounded.
The searing ray hits the kobold!
You kill the kobold!
Sif Muna accepts your kill. (Press . to maintain the ray.)
You block the boulder beetle's attack.
The searing ray hits the boulder beetle but does no damage.
The boulder beetle is moderately wounded.
The boulder beetle bites you!
You die...

##.......## #).## #.# ##.......##
##.## #.## ##..##....## #..# #..#
#..###..†..##..# ####..##
#..##.........# ###.....#.
#.............# ##......... .
#..............####....###...
..###..........###..?............
.............).B@.......†.)......
#..######....######....#.#####...
##.#)........# ........# ####
#.#......).K# ...##...#
#.#.....K..)# .. #...#
..#...)c....# c .....
..#...o...).# ...#..
............. ....#.
..........°..


You could see a boulder beetle.

Vanquished Creatures
  A centaur warrior (D:8)
  Sigmund (D:2)
  A wyvern (D:8)
  3 water moccasins
  An ice beast (D:6)
  3 black bears
  3 centaurs
  3 phantoms
  Blork the orc (D:5)
  2 scorpions
  3 bullfrogs
  A gnoll sergeant (D:7)
  4 wights (D:6)
  Dowan (D:4)
  2 howler monkeys
  4 jellies
  An orc priest (D:4)
  4 hounds
  A gnoll bouda (D:6)
  3 iguanas
  Jessica (D:2)
  2 sleepcaps (D:6)
  2 orc wizards
  12 gnolls
  5 adders
  4 shadow imps
  An ufetubus (D:6)
  7 dart slugs
  16 orcs
  6 bats
  6 endoplasms
  A giant cockroach (D:3)
  8 goblins
  7 hobgoblins
  7 kobolds
  A quokka (D:2)
  5 ball pythons
  4 frilled lizards
  4 rats
142 creatures vanquished.

Notes
Turn   | Place    | Note
-------+----------+-------------------------------------------
     0 | D:1      | jagang the Deep Elf Conjurer began the quest for the Orb.
     0 | D:1      | Reached XP level 1. HP: 10/10 MP: 6/6
    40 | D:1      | Found Ymelox's Weapon Boutique.
   104 | D:1      | Found Uveylad's Distillery.
   189 | D:1      | Found Hotilihe's Assorted Antiques.
   204 | D:1      | Found Makeckic's Weapon Shoppe.
   338 | D:1      | Found a faded altar of an unknown god.
   379 | D:1      | Reached XP level 2. HP: 15/15 MP: 4/8
   460 | D:1      | Found Anis's Armour Boutique.
   466 | D:1      | Reached skill level 1 in Short Blades
   704 | D:2      | Noticed Sigmund
   764 | D:1      | Learned a level 2 spell: Searing Ray
  1026 | D:2      | Reached XP level 3. HP: 19/19 MP: 9/9
  1485 | D:2      | Killed Sigmund
  1486 | D:2      | Reached skill level 5 in Conjurations
  1486 | D:2      | Reached XP level 4. HP: 7/24 MP: 2/12
  1486 | D:2      | Reached XP level 5. HP: 8/28 MP: 2/13
  1660 | D:2      | Noticed Jessica
  1664 | D:2      | Killed Jessica
  2094 | D:3      | Reached XP level 6. HP: 27/32 MP: 4/14
  2308 | D:3      | Learned a level 4 spell: Iskenderun's Mystic Blast
  2494 | D:3      | You fall into a shaft and drop 1 floor!
  2514 | D:4      | Found Kablikues's Distillery.
  2525 | D:4      | Found an ancient bone altar of Kikubaaqudgha.
  2526 | D:4      | Bought a potion of curing for 30 gold pieces
  2526 | D:4      | Bought a potion of heal wounds for 50 gold pieces
  2530 | D:4      | Found a transporter.
  2578 | D:4      | Noticed Dowan
  2578 | D:4      | Noticed Duvessa
  2651 | D:3      | Found Wink's Jewellery Shop.
  3259 | D:3      | Learned a level 3 spell: Dazzling Flash
  3281 | D:4      | Found Gac Osiy's Jewellery Shop.
  3338 | D:4      | Found Sakhleul's Assorted Antiques.
  3374 | D:4      | Found Xasun's Distillery.
  3417 | D:4      | Found a transporter.
  3576 | D:5      | Entered Level 5 of the Dungeon
  3624 | D:5      | Found a staircase to the Ecumenical Temple.
  3648 | D:5      | Found a bloodstained altar of Trog.
  3681 | Temple   | Entered the Ecumenical Temple
  3866 | Temple   | Became a worshipper of Sif Muna the Loreminder
  3987 | D:5      | Noticed Blork the orc
  4051 | D:5      | Reached skill level 5 in Spellcasting
  4245 | D:5      | Reached skill level 6 in Conjurations
  4300 | D:5      | Noticed a water moccasin
  4312 | D:5      | Reached XP level 7. HP: 36/36 MP: 12/16
  4362 | D:5      | Found Emeewn's Fire Supplies.
  4619 | D:5      | Found a sparkling altar of Nemelex Xobeh.
  4663 | D:5      | Reached skill level 5 in Dodging
  4872 | D:5      | Killed Blork the orc
  4873 | D:5      | Reached skill level 7 in Conjurations
  4987 | D:5      | Found an opulent altar of Gozag.
  5133 | D:5      | Learned a level 3 spell: Hailstorm
  5238 | D:6      | Reached XP level 8. HP: 41/41 MP: 3/19
  5406 | D:4      | Reached * piety under Sif Muna
  5562 | D:4      | Found a radiant altar of Vehumet.
  5631 | D:4      | Found Siatreon's General Store.
  5906 | D:4      | Reached skill level 1 in Ice Magic
  6398 | D:4      | Killed Dowan
  6594 | D:4      | HP: 1/41 [Duvessa (5)]
  6605 | D:4      | Reached skill level 1 in Hexes
  6857 | D:6      | Reached skill level 5 in Short Blades
  6878 | D:6      | Reached skill level 8 in Conjurations
  7245 | D:6      | Reached skill level 1 in Evocations
  7449 | D:6      | Reached XP level 9. HP: 41/45 MP: 12/22
  8297 | D:7      | Reached ** piety under Sif Muna
  8301 | D:7      | Reached skill level 9 in Conjurations
  8871 | D:8      | Noticed a +0 spear
  8871 | D:8      | Noticed a +0 dagger
  8871 | D:8      | Noticed a +0 dagger
  8871 | D:8      | Noticed a +0 falchion
  8880 | D:8      | Noticed a +0 short sword
  8881 | D:8      | Noticed a +0 short sword
  8881 | D:8      | Noticed a +0 falchion
  8882 | D:8      | Noticed a +0 spear
  8883 | D:8      | Found a hide-covered altar of Uskayaw.
  8918 | D:8      | Noticed a centaur warrior
  8927 | D:8      | Killed a centaur warrior
  8928 | D:8      | Reached skill level 1 in Shields
  8929 | D:8      | Identified the staff of air "Qahoh" {Fly rElec Str+4 Int-4}
  9033 | D:8      | Identified the +9 mace of Classification {heavy, rF+ Str+3
                  | Dex-3}
  9041 | D:8      | Identified the +1 sling of Woggaup {freeze, SInv}
  9043 | D:8      | Noticed a boulder beetle
  9062 | D:8      | Slain by a boulder beetle

Illustrated notes

Levels and vault maps discovered:
D:1:      mrwooster_arrival_statue_3, layout_basic,
          nicolae_ecumenical_lake_church, serial_shops, shop,
          nicolae_shop_stone, nicolae_shop_peninsula,
          nicolae_shop_overgrown_old_shop, shop
D:2:      layout_loops_ring, uniq_sigmund, uniq_jessica
D:3:      layout_loops_corners, serial_shops, shop, minmay_checkerbox
D:4:      gammafunk_wand_slinger, layout_gridville, kennysheep_mini,
          amcnicky_altar_gilded, serial_shops, shop, nicolae_shop_tiny_glass,
          nicolae_shop_back_alley_shop, shop, shop, uniq_duvessa
D:5:      layout_loops_cross, mainiacjoe_overflow_boulevard,
          mainiacjoe_overflow_24_doors, nemelex_diamond_rough_becter,
          minmay_temple_entry_wispy, chequers_serial_rivers_marsh,
          nicolae_shop_fire_sale [nicolae_sub_dead_trees], uniq_blork_the_orc
D:6:      layout_basic, nrook_uturn
D:7:      layout_rooms
D:8:      minmay_cut_squares, layout_layer_cave, nicolae_uskayaw_en_pointe,
          nicolae_ossuary_entry_monument, st_stairs_5, dk_noncrumbling_4
Temple:   regret_index_temple_waves

Skill      XL: |  1  2  3  4  5  6  7  8  9 |
---------------+----------------------------+-----
Short Blades   | 1 3 4 5 6 |  6.4
Dodging        | 3 4 5 6 7 |  7.5
Spellcasting   | 4 5 6 7 8 |  8.5
Conjurations   | 5 6 7 8 9 |  9.9
Ice Magic      | 1 |  1.0
Hexes          | 2 |  2.4
Evocations     | 1 2 |  2.4
Shields        | 1 |  1.7
Stealth        | |  2.4

Action                     |  1- 3 |  4- 6 |  7- 9 || total
---------------------------+-------+-------+-------++-------
  Melee: Dagger            |     9 |       |       ||     9
         Rapier            |       |    20 |     1 ||    21
         Short sword       |       |       |    10 ||    10
   Cast: Magic Dart        |    35 |    69 |   184 ||   288
         Searing Ray       |     2 |     7 |    30 ||    39
         Iskenderun's Myst |       |     1 |       ||     1
         Dazzling Flash    |       |     1 |       ||     1
         Hailstorm         |       |       |    19 ||    19
    Use: Scroll            |       |     6 |     2 ||     8
         Potion            |       |       |     1 ||     1
   Stab: Sleeping          |     3 |       |       ||     3
 Armour: Robe              |     4 |    18 |    16 ||    38
  Dodge: Dodged            |    16 |    17 |    47 ||    80
  Block: Buckler           |       |       |     9 ||     9
         Reflection        |       |       |     4 ||     4
         Other             |       |       |     2 ||     2
